 Dungeon Crawl Stone Soup version 0.18.1-48-g4cf74bf (webtiles) character file.

211 Pronikatel the Shield-Bearer (level 5, 0/47 HPs)
             Began as a Minotaur Fighter on July 6, 2016.
             Succumbed to a worker ant's poison
             ... on level 3 of the Dungeon on Aug 7, 2016.
             The game lasted 00:12:56 (1577 turns).

Pronikatel the Shield-Bearer (Minotaur Fighter)     Turns: 1577, Time: 00:12:57

Health: 0/47       AC:  7    Str: 22    XL:     5   Next: 57%
Magic:  1/4        EV:  7    Int:  5    God:
Gold:   83         SH: 10    Dex:  9    Spells: 0 memorised, 4 levels left

rFire  . . .     SeeInvis +     a - +0 war axe
rCold  . . .     Gourm    .     b - +0 scale mail
rNeg   . . .     Faith    .     c - +0 shield
rPois  .         Spirit   +     (helmet restricted)
rElec  .         Dismiss  .     (no cloak)
rCorr  .         Reflect  .     (no gloves)
SustAt .         Harm     .     (no boots)
MR     .....                    e - amulet of guardian spirit
Stlth  ..........               (no ring)
                                i - ring of see invisible

@: lethally poisoned (0 -> -11), not resistant to hostile enchantments,
extremely unstealthy
A: retaliatory headbutt, horns 2
a: no special abilities


You were on level 3 of the Dungeon.
You were not hungry.

You visited 1 branch of the dungeon, and saw 3 of its levels.

You collected 83 gold pieces.

Inventory:

Hand Weapons
 a - a +0 war axe (weapon)
Armour
 b - a +0 scale mail (worn)
 c - a +0 shield (worn)
Jewellery
 e - an amulet of guardian spirit (around neck)
 i - a ring of see invisible (left hand)
Wands
 h - a wand of lightning (6/15)
Scrolls
 j - a scroll of remove curse
Comestibles
 f - a bread ration
 g - 4 chunks of flesh
 k - a royal jelly


   Skills:
 + Level 4.5 Fighting
 * Level 4.0 Axes
 + Level 4.8 Armour
 + Level 0.3 Stealth
 + Level 5.2 Shields


You had 4 spell levels left.
You didn't know any spells.

Dungeon Overview and Level Annotations

Branches:
Dungeon (3/15)

Altars:
The Shining One


Innate Abilities, Weirdness & Mutations

You reflexively headbutt those who attack you in melee.
You have a pair of horns on your head.


Message History

You block the worker ant's attack.
You hit the worker ant.
The worker ant is lightly wounded.
The worker ant bites you.
* * * LOW HITPOINT WARNING * * *
You are poisoned.
The worker ant poisons you! The worker ant bites you.
* * * LOW HITPOINT WARNING * * *
You are lethally poisoned!
The worker ant poisons you!
You hit the worker ant.
The worker ant is moderately wounded.
* * * LOW HITPOINT WARNING * * *
You feel sick.
The worker ant bites you but does no damage.
The worker ant bites you.
* * * LOW HITPOINT WARNING * * *
Your shield and scale mail prevent you from hitting the worker ant.
The worker ant is moderately wounded.
You die...

##........#####.
#.............. #.#
#........#.... ##..#
#...........# ....
#.###....)......# #..
...............####### #.#
...##.....>..........###.#
..
####....a).......##..#####
#####.@....)...........
#............##...<
#.........#..##....
##..>).#.....##....
###...##..........
#.#........#....
#.##........<...
#.###........... #.#
......#....


You could see a worker ant.

Vanquished Creatures
  An orc priest (D:3)
  Jessica (D:3)
  2 orc wizards (D:3)
  5 adders
  An ooze (D:2)
  A dart slug (D:1)
  A giant gecko (D:1)
  2 orcs (D:3)
  2 giant cockroaches (D:1)
  7 goblins
  3 hobgoblins
  4 jackals (D:2)
  A ball python (D:1)
  A ball python skeleton (D:3)
  8 bats
  5 giant newts
  2 kobolds (D:2)
  5 rats
52 creatures vanquished.

Notes
Turn   | Place    | Note
--------------------------------------------------------------
     0 | D:1      | Pronikatel the Minotaur Fighter began the quest for the Orb.
     0 | D:1      | Reached XP level 1. HP: 19/19 MP: 0/0
   294 | D:1      | Found a glowing golden altar of the Shining One.
   341 | D:1      | Reached XP level 2. HP: 27/27 MP: 1/1
   612 | D:2      | Reached skill level 4 in Shields
   867 | D:2      | Reached XP level 3. HP: 33/33 MP: 2/2
  1109 | D:2      | Reached XP level 4. HP: 39/40 MP: 3/3
  1448 | D:3      | Noticed Jessica
  1452 | D:3      | Killed Jessica
  1493 | D:3      | Reached XP level 5. HP: 23/47 MP: 1/4
  1500 | D:3      | Reached skill level 5 in Shields
  1576 | D:3      | HP: 2/47 [worker ant (2)]
  1577 | D:3      | Succumbed to a worker ant's poison

Skill      XL: |  1  2  3  4  5 |
---------------+----------------+-----
Armour         | 4 |  4.8
Shields        | 4 5 |  5.2
Fighting       | 4 |  4.5
Axes           | 3 4 |  4.0
Stealth        | |  0.3

Action                   |  1- 3 |  4- 6 || total
-------------------------+-------+-------++-------
Melee: War axe           |    64 |    58 ||   122
       Headbutt          |     5 |     7 ||    12
  Use: Scroll            |     6 |     2 ||     8
       Potion            |     3 |     1 ||     4
  Eat: Chunk             |     1 |     1 ||     2
Armor: Scale mail        |    38 |    28 ||    66
Dodge: Dodged            |    37 |    22 ||    59
Block: Shield            |    46 |    44 ||    90
